 Dungeon Crawl Stone Soup version 0.25-a0-2-g6559c6c67a (webtiles) character file.

Game seed: 7630986996888274069, levelgen mode: deterministic

1999 MrRokkomies the Carver (level 9, -1/57 HPs)
             Began as a Vampire Gladiator on Oct 14, 2019.
             Was an Initiate of Kikubaaqudgha.
             Slain by a gnoll
             ... wielding a +0 spear of distortion
              (4 damage)
             ... on level 6 of the Dungeon.
             The game lasted 00:19:14 (6336 turns).

MrRokkomies the Carver (Vampire Gladiator)          Turns: 6336, Time: 00:19:14

Health: -1/57      AC: 10    Str: 18    XL:     9   Next: 2%
Magic:  9/9        EV: 12    Int: 14    God:    Kikubaaqudgha [......]
Gold:   426        SH:  0    Dex: 15    Spells: 7/8 levels left

rFire    . . .     SeeInvis +   a - +1 long sword
rCold    + + .     Gourm    .   (no shield)
rNeg     + + +     Faith    .   n - +2 ring mail {rPois}
rPois    ∞         Spirit   .   q - +2 hat
rElec    .         Reflect  .   f - +0 cloak
rCorr    .         Harm     .   (no gloves)
MR       +....                  (no boots)
Stlth    +++.......             j - amulet of magic regeneration
HPRegen  0.00/turn              D - ring of protection from magic
MPRegen  0.36/turn              i - +5 ring of strength

@: bloodless, regenerating quickly
A: no food, fangs 3, see invisible, unbreathing
a: Bat Form, Revivify, Renounce Religion


You were on level 6 of the Dungeon.
You worshipped Kikubaaqudgha.
Kikubaaqudgha was noncommittal.
You were bloodless.

You visited 2 branches of the dungeon, and saw 7 of its levels.
You also visited: Ossuary.

You collected 426 gold pieces.

Inventory:

Hand Weapons
 a - a +1 long sword (weapon)
 b - a +0 hunting sling
Missiles
 d - a throwing net (quivered)
 k - 133 stones
 m - 35 sling bullets
 B - 11 atropa-tipped darts
Armour
 f - a +0 cloak (worn)
 n - a +2 ring mail of poison resistance (worn)
 q - a +2 hat (worn)
Jewellery
 e - an uncursed amulet of faith
 i - a +5 ring of strength (right hand)
 j - an amulet of magic regeneration (around neck)
 D - a ring of protection from magic (left hand)
Wands
 v - a wand of random effects (23)
 y - a wand of iceblast (7)
 A - a wand of acid (3)
Scrolls
 g - 3 scrolls of identify
 l - a scroll of magic mapping
 s - 2 scrolls of teleportation
 t - 3 scrolls of remove curse
 w - a scroll of blinking
Potions
 c - 2 potions of cancellation
 h - a potion of haste
 o - a potion of mutation
 r - 3 potions of degeneration
 u - a potion of ambrosia {unknown}
 x - a potion of invisibility {unknown}
 z - a potion of magic {unknown}
 C - 2 potions of heal wounds


   Skills:
 * Level 7.3 Fighting
 * Level 8.4 Long Blades
 - Level 1.5 Throwing
 - Level 3.2 Dodging
 - Level 5.7 Hexes


You had 7 spell levels left.
You knew the following spells:

 Your Spells              Type           Power        Failure   Level  Hunger
a - Confusing Touch       Hex            ###...       4%          1    N/A

Your spell library contained the following spells:

 Spells                   Type           Power        Failure   Level  Hunger
 Confuse                  Hex            ###.....     14%         3    N/A
 Gell's Gravitas          Tloc           #.........   83%         3    N/A
 Petrify                  Tmut/Erth      #.......     99%         4    N/A
 Metabolic Englaciation   Hex/Ice        #.........   99%         5    N/A
 Yara's Violent Unravell  Hex/Tmut       #.........   99%         5    N/A

Dungeon Overview and Level Annotations

Branches:
Dungeon (6/15)             Temple (1/1) D:6         Ossuary (visited)

Altars:
Ashenzari
Cheibriados
Dithmenos
Elyvilon
Fedhas
Gozag
Hepliaklqana
Kikubaaqudgha
Makhleb
Nemelex Xobeh
Okawaru
Qazlal
Ru
Trog
Uskayaw
Vehumet
Wu Jian
Xom
Zin
The Shining One


Innate Abilities, Weirdness & Mutations

You do not eat.
You do not regenerate when monsters are visible.
You are frail without blood (-20% HP).
You can heal yourself when you bite living creatures.
You are immune to poison.
You have razor-sharp teeth.
You have supernaturally acute eyesight. (SInv)
You can survive without breathing.


Message History

Confirm with . or Enter, or press ? or * to list all spells.
Your hands begin to glow red.
The gnoll barely misses you. The gnoll hits you but does no damage.
Space warps horribly around you!!
Things that are here:
a +0 halberd; a gnoll corpse You hit the gnoll but do no damage.
You bite the gnoll, but do no damage.
The gnoll hits you with a +0 spear of distortion!
* * * LOW HITPOINT WARNING * * *
You blink.
The gnoll hits you with a +0 spear of distortion.
* * * LOW HITPOINT WARNING * * *
Space bends around you.
* * * LOW HITPOINT WARNING * * *
You hit the gnoll but do no damage.
The gnoll appears confused.
The gnoll barely misses you.
You hit the gnoll.
The gnoll is moderately wounded.
The gnoll hits you but does no damage. Space bends around you.
You die...
Kikubaaqudgha rasps: "You have failed me!
Welcome... oblivion!"

.............#
..........#..#
...........g#..#
.........[.g#..#
..........P.#..#
.##...#.....#..###
.##...#.P>.......#
......#........#.#
......#..PP....#@#
......######...#g#
...............#.#
..........>....#.########
...............#........#
.............##########.#
............... #....#.#
..............# #.##.#.#
..............# #......#


You could see a gnoll (confused).

Vanquished Creatures
  Pikel (D:5)
  Grinder (D:5)
  Menkaure (D:6)
  An orc warrior (D:6)
  A sky beast (D:5)
  A necrophage (D:6)
  A centaur (D:6)
  An elf zombie (Ossuary)
  A scorpion (D:6)
  A howler monkey (D:4)
  2 centaur zombies (Ossuary)
  A jelly (D:6)
  Crazy Yiuf (D:3)
  3 orc priests
  5 orc wizards
  A worker ant (D:5)
  2 big kobold zombies (Ossuary)
  2 hound zombies (Ossuary)
  4 mummies
  6 adders
  A gnoll (D:6)
  A howler monkey skeleton (D:4)
  4 adder zombies
  2 worms
  3 dart slugs
  4 leopard geckos
  29 orcs
  8 giant cockroaches
  2 gnoll zombies (Ossuary)
  4 goblins
  7 hobgoblins
  13 jackals
  6 kobolds
  2 quokkas
  4 ball pythons
  9 bats
  7 frilled lizards
  6 goblin zombies
  5 hobgoblin zombies (Ossuary)
  3 jackal zombies (Ossuary)
  3 kobold zombies (Ossuary)
  A leopard gecko zombie (D:5)
  2 orc zombies
  2 quokka skeletons
  4 quokka zombies (Ossuary)
  7 rats
  4 rat zombies (Ossuary)
180 creatures vanquished.

Notes
Turn   | Place    | Note
-------+----------+-------------------------------------------
     0 | D:1      | MrRokkomies the Vampire Gladiator began the quest for the
                  | Orb.
     0 | D:1      | Reached XP level 1. HP: 16/16 MP: 1/1
   111 | D:1      | Reached XP level 2. HP: 16/17 MP: 2/2
   713 | D:2      | Reached XP level 3. HP: 22/22 MP: 3/3
   987 | D:2      | Reached skill level 4 in Long Blades
  1088 | D:2      | Reached XP level 4. HP: 24/28 MP: 4/4
  1499 | D:3      | Learned a level 1 spell: Confusing Touch
  1928 | D:3      | Reached skill level 1 in Hexes
  2313 | D:3      | Found a runed translucent door.
  2314 | D:3      | Noticed Crazy Yiuf
  2324 | D:3      | Killed Crazy Yiuf
  2324 | D:3      | Reached XP level 5. HP: 32/32 MP: 5/5
  2457 | D:4      | Found a sand-covered staircase.
  2463 | Ossuary  | Entered an ossuary
  2869 | Ossuary  | Reached skill level 5 in Long Blades
  2884 | Ossuary  | Reached XP level 6. HP: 17/38 MP: 6/6
  3904 | D:5      | Entered Level 5 of the Dungeon
  3904 | D:5      | Found a radiant altar of Vehumet.
  3945 | D:5      | Noticed Grinder
  3952 | D:5      | Reached XP level 7. HP: 42/44 MP: 7/7
  3956 | D:5      | Paralysed by Grinder for 3 turns
  3964 | D:5      | Killed Grinder
  3964 | D:5      | Reached skill level 5 in Fighting
  3964 | D:5      | Reached skill level 6 in Long Blades
  4115 | D:5      | You fall into a shaft and drop 1 floor!
  4671 | D:5      | Noticed Pikel
  4698 | D:5      | Killed Pikel
  4698 | D:5      | Reached skill level 7 in Long Blades
  4698 | D:5      | Reached skill level 5 in Hexes
  4698 | D:5      | Reached XP level 8. HP: 34/52 MP: 8/8
  5742 | D:6      | Found a hazy altar of Hepliaklqana.
  5803 | D:6      | Reached skill level 8 in Long Blades
  5805 | D:6      | Noticed Menkaure
  5816 | D:6      | Killed Menkaure
  6115 | D:6      | Reached XP level 9. HP: 41/57 MP: 9/9
  6159 | D:6      | Found a staircase to the Ecumenical Temple.
  6168 | Temple   | Entered the Ecumenical Temple
  6301 | Temple   | Became a worshipper of Kikubaaqudgha
  6336 | D:6      | Slain by a gnoll

Levels and vault maps discovered:
D:1:      nzn_arrival_depleted_hourglass, layout_basic
D:2:      layout_basic, first_ration
D:3:      layout_basic, uniq_crazy_yiuf_cottage
D:4:      layout_loops_cross, nicolae_ossuary_entry_giza
D:5:      layout_loops_corners, basic_altar, uniq_grinder, uniq_pikel
D:6:      layout_basic, minmay_temple_entry_overgrown, basic_altar,
          uniq_menkaure
Temple:   regret_index_temple_chain_breaker

Skill      XL: |  1  2  3  4  5  6  7  8 |
---------------+-------------------------+-----
Fighting       | 2 3 4 6 7 |  7.3
Long Blades    | 4 5 7 8 |  8.4
Hexes          | 1 2 3 5 |  5.7
Throwing       | |  1.5
Dodging        | |  3.2

Action                   |  1- 3 |  4- 6 |  7- 9 || total
-------------------------+-------+-------+-------++-------
Melee: Long sword        |    90 |   248 |   164 ||   502
       Bite              |     9 |    37 |    27 ||    73
Throw: Throwing net      |       |     2 |     2 ||     4
 Cast: Confusing Touch   |       |       |     3 ||     3
 Abil: Exsanguinate      |     2 |       |       ||     2
Evoke: Wand              |       |     1 |     8 ||     9
  Use: Scroll            |       |    11 |     4 ||    15
       Potion            |       |     1 |     3 ||     4
 Stab: Sleeping          |     4 |     9 |     3 ||    16
       Distracted        |     1 |       |     1 ||     2
       Held in net/web   |       |     1 |     2 ||     3
       Confused          |       |       |     2 ||     2
Armor: Leather armour    |     9 |       |       ||     9
       Ring mail         |    32 |   123 |    72 ||   227
Dodge: Dodged            |    82 |   154 |   105 ||   341
       Rpst.: Long sword |    28 |    39 |    36 ||   103

Table legend:
 A = Non-vault XP
 B = Vault XP
 C = Vault XP percentage of total XP
 D = Non-vault monster count
 E = Vault monster count
 F = Vault count percentage of total count
                 A         B        C        D         E       F
            +---------+---------+-------+---------+---------+-------
      Total |    1353 |    1504 |  52.6 |     133 |      47 |  26.1
            +---------+---------+-------+---------+---------+-------
        D:1 |      28 |       0 |   0.0 |      16 |       0 |   0.0
        D:2 |      85 |       0 |   0.0 |      29 |       0 |   0.0
        D:3 |      64 |      40 |  38.5 |      27 |       1 |   3.6
        D:4 |      91 |      18 |  16.5 |      10 |       3 |  23.1
        D:5 |     453 |     899 |  66.5 |      26 |       2 |   7.1
        D:6 |     632 |     172 |  21.4 |      25 |       1 |   3.8
    Ossuary |       0 |     375 | 100.0 |       0 |      40 | 100.0
            +---------+---------+-------+---------+---------+-------
